 Dungeon Crawl Stone Soup version 0.23-a0-356-g1757c6e (webtiles) character file.

58 Garbasso the Ruffian (level 3, -5/29 HPs)
             Began as a Draconian Transmuter on Oct 21, 2018.
             Killed by divine providence
             ... invoked by an orc priest
              (16 damage)
             ... on level 3 of the Dungeon.
             The game lasted 00:05:57 (2524 turns).

Garbasso the Ruffian (Draconian Transmuter)         Turns: 2524, Time: 00:05:58

Health: -5/29      AC:  2    Str: 12    XL:     3   Next: 76%
Magic:  2/6        EV: 20    Int: 14    God:
Gold:   86         SH:  0    Dex: 16    Spells: 0/6 levels left

rFire    . . .     SeeInvis .     - Unarmed
rCold    . . .     Gourm    .   (shield currently unavailable)
rNeg     . . .     Faith    .   (armour unavailable)
rPois    x         Spirit   .   (helmet currently unavailable)
rElec    .         Reflect  .   (cloak currently unavailable)
rCorr    .         Harm     .   (gloves currently unavailable)
MR       +....                  (boots currently unavailable)
Stlth    +.........             h - amulet of rage
HPRegen  0.09/turn              m - ring of protection from magic
MPRegen  0.10/turn              (no ring)

@: spider-form
A: tiny, unfitting armour, AC +5
a: End Transformation, Evoke Berserk Rage


You were on level 3 of the Dungeon.
You were not hungry.
You were a venomous arachnid creature.
You visited 1 branch of the dungeon, and saw 3 of its levels.

You collected 86 gold pieces.

Inventory:

Missiles
 a - 12 arrows
Jewellery
 h - an amulet of rage (around neck)
 l - an uncursed ring of ice
 m - a ring of protection from magic (left front leg)
Scrolls
 d - 3 scrolls of remove curse {unknown}
 f - 3 scrolls of enchant armour {unknown}
 g - 3 scrolls of immolation {unknown}
 j - 2 scrolls of identify {unknown}
 k - a scroll of teleportation {unknown}
Potions
 b - 3 potions of curing {unknown}
 e - a potion of agility {unknown}
 i - a potion of berserk rage {unknown}
 n - a potion of flight {unknown}
 o - a potion of lignification {unknown}
Comestibles
 c - 2 rations
 p - 5 chunks of flesh


   Skills:
 + Level 2.0 Fighting
 + Level 2.3 Dodging
 + Level 3.6 Unarmed Combat
 - Level 2.0 Spellcasting
 * Level 2.6 Transmutations


You couldn't memorise any spells.
You knew the following spells:

 Your Spells              Type           Power        Failure   Level  Hunger
a - Beastly Appendage     Tmut           #.....       22%         1    ##.....
b - Sticks to Snakes      Tmut           #.......     28%         2    ###....
c - Spider Form           Tmut/Pois      #.........   61%         3    ####...

Your spell library contained the following spells:

 Spells                   Type           Power        Failure   Level  Hunger
 Ice Form                 Ice/Tmut       #.......     92%         4    #####..
 Blade Hands              Tmut           #.........   98%         5    ######.


Dungeon Overview and Level Annotations

Branches:
Dungeon (3/15)

Altars:
Hepliaklqana
Nemelex Xobeh


Innate Abilities, Weirdness & Mutations

((Your plain brown scales are hard. (AC +5)))
You cannot fit into any form of body armour.
((You are cold-blooded and may be slowed by cold attacks.))


Message History

You kill the orc!
The orc priest calls down the wrath of Beogh upon you.
Beogh smites you!
You hear a shout!
Casting: Beastly Appendage (safe; 9% risk of failure)
Confirm with . or Enter, or press ? or * to list all spells.
Your talons disappear.
You turn into a venomous arachnid creature.
The orc wizard hits you with a +0 dagger.
You closely miss the orc wizard. The orc wizard closely misses you.
You hit the orc wizard but do no damage.
The orc wizard is poisoned.
The orc wizard points at you and mumbles some strange words.
The puff of frost hits you!
You hit the orc wizard.
The orc wizard looks even sicker.
The orc wizard is moderately wounded.
The orc priest invokes the aid of Beogh against you.
Beogh smites you!
Ouch! That really hurt!
You die... .. ... #..## .# #.# . #...# ..#.# .. #.#.# #.#.# o.o

#.#.. #.#.###o... #.##.
#.##.......... #.##.
#.........[... .. #.
.######.########## ######.
.......oos................
#######.##################
########.# #....
###........# #....
#.'........######## #####
#.#................ .
#.#.......######### ##
#.######+## #.# #.#


You could see an orc priest and an orc wizard.

Vanquished Creatures
  An adder (D:2)
  A worm (D:2)
  3 dart slugs (D:1)
  An orc (D:3)
  6 bats
  3 giant cockroaches
  6 goblins
  3 hobgoblins
  6 kobolds
  A quokka (D:3)
  6 frilled lizards
  2 rats
39 creatures vanquished.

Notes
Turn   | Place    | Note
-------+----------+-------------------------------------------
     0 | D:1      | Garbasso the Draconian Transmuter began the quest for the
                  | Orb.
     0 | D:1      | Reached XP level 1. HP: 16/16 MP: 3/3
   306 | D:1      | Reached XP level 2. HP: 21/23 MP: 5/5
   350 | D:1      | Learned a level 2 spell: Sticks to Snakes
   746 | D:1      | Reached XP level 3. HP: 29/29 MP: 4/6
  1475 | D:2      | Learned a level 3 spell: Spider Form
  2415 | D:3      | Found a hazy altar of Hepliaklqana.
  2459 | D:3      | Found a sparkling altar of Nemelex Xobeh.
  2524 | D:3      | Killed from afar by an orc priest

Vault maps used:
D:1:      minmay_arrival_stair_chambers
D:2:      kennysheep_another_room
D:3:      nicolae_overflow_crystal_walls, lemuel_altar_in_water

Skill      XL: |  1  2  3 |
---------------+----------+-----
Dodging        | 2 |  2.3
Fighting       | 2 |  2.0
Unarmed Combat | |  3.6
Spellcasting   | |  2.0
Transmutations | |  2.6

Action                   || total
-------------------------++-------
Melee: Unarmed           ||   132
       Tailslap          ||     6
       Kick              ||     7
       Headbutt          ||     6
 Cast: Beastly Appendage ||    18
       Spider Form       ||     1
  Eat: Chunk             ||     3
       Ration            ||     1
Armor: Skin              ||    44
Dodge: Dodged            ||   104

Table legend:
 A = Non-vault XP
 B = Vault XP
 C = Vault XP percentage of total XP
 D = Non-vault monster count
 E = Vault monster count
 F = Vault count percentage of total count
                 A         B        C        D         E       F
            +---------+---------+-------+---------+---------+-------
      Total |      84 |       0 |   0.0 |      39 |       0 |   0.0
            +---------+---------+-------+---------+---------+-------
        D:1 |      47 |       0 |   0.0 |      25 |       0 |   0.0
        D:2 |      23 |       0 |   0.0 |       6 |       0 |   0.0
        D:3 |      14 |       0 |   0.0 |       8 |       0 |   0.0
            +---------+---------+-------+---------+---------+-------
